AoeStats
← ツZuck3r

Oasis

509877148Analyzed
2v2 RM · 2d ago on Sep 28, 2026· 60m 48s· 4 players
Game mode
Random Map
Map size
Medium (4 player)
Population
200
Speed
Normal
Resources
Standard
Victory
Conquest
Starting age
Dark Age
Ending age
Imperial Age
RankedLock teamsTeams togetherTeam positionsShared explorationLock speedFull tech treeHidden civsTurbo modeCheats
Victory
Defeat
🇸🇪 Britons · Sweden
663
+12
🇺🇸 Bohemians · United States
622
+14
🇩🇪 Chinese · Germany
621
-15
🇳🇱 Britons · Netherlands
534
-11
bart_arend
2:37 Loom
13:25 Feudal Age
14:43 Wheelbarrow
13:57 Double-Bit Axe
13:57 Horse Collar
23:00 Castle Age
22:17 Stone Mining
22:20 Gold Mining
24:03 Hand Cart
28:44 Imperial Age
26:44 Squires
27:33 Caravan
28:08 Bow Saw
29:18 Pikeman
30:39 Gold Shaft Mining
30:39 Heavy Plow
31:15 Crossbowman
33:48 Forging
33:39 Scale Mail Armor
33:40 Padded Archer Armor
33:31 Fletching
35:35 Arbalester
39:30 Warwolf
40:26 Yeomen
45:32 Chemistry
49:15 Halberdier
49:35 Elite Longbowman
54:02 Hoardings
57:33 Gambesons
ツZuck3r
0:32 Loom
12:00 Feudal Age
13:20 Wheelbarrow
12:33 Double-Bit Axe
12:32 Horse Collar
12:58 Gold Mining
21:47 Castle Age
22:03 Stone Mining
23:01 Hand Cart
22:59 Bow Saw
22:51 Heavy Plow
23:28 Gold Shaft Mining
25:51 Stone Shaft Mining
30:54 Forging
30:50 Scale Barding Armor
32:45 Scale Mail Armor
33:20 Iron Casting
33:51 Squires
37:20 Caravan
38:23 Chain Mail Armor
38:28 Chain Barding Armor
49:11 Masonry
49:12 Fortified Wall
49:22 Ballistics
56:35 Imperial Age
59:04 Blast Furnace
58:34 Plate Mail Armor
58:40 Plate Barding Armor
59:09 Two-Man Saw
57:33 Heavy Scorpion
57:47 Cavalier
LakeGale
0:28 Loom
13:36 Feudal Age
15:16 Wheelbarrow
15:35 Double-Bit Axe
17:31 Horse Collar
24:44 Castle Age
25:43 Hand Cart
27:05 Bow Saw
32:16 Imperial Age
32:25 Imperial Age
30:41 Fortified Wall
32:31 Chemistry
32:38 Ballistics
35:17 Houfnice
37:21 Masonry
37:05 Town Watch
39:38 Conscription
40:28 Murder Holes
39:58 Pikeman
44:32 Wagenburg Tactics
50:02 Siege Engineers
55:59 Scale Mail Armor
56:10 Forging
57:05 Elite Hussite Wagon
Nalisen
13:36 Feudal Age
15:59 Double-Bit Axe
16:27 Gold Mining
16:19 Horse Collar
17:57 Stone Mining
24:56 Castle Age
24:45 Forging
24:38 Padded Archer Armor
26:32 Pikeman
27:16 Scale Mail Armor
27:32 Leather Archer Armor
27:53 Iron Casting
28:56 Squires
28:45 Arson
32:41 Bow Saw
32:28 Fletching
32:55 Chain Mail Armor
35:29 Wheelbarrow
35:07 Caravan
35:37 Coinage
41:04 Imperial Age
38:25 Loom
41:48 Capped Ram
48:43 Coinage
48:23 Guilds
56:14 Banking
55:55 Guilds
56:51 Warwolf
59:15 Blast Furnace
58:39 Ballistics
60:12 Blast Furnace
59:15 Elite Longbowman
59:59 Halberdier
Connection lost

Rejoining the realm…

Still unreachable

The connection could not be restored.

Session expired

The server has moved on; the page needs a fresh start.